 Dungeon Crawl Stone Soup version 0.15.0-16-gce31824 (console) character file.

2101 gw the Cleaver (level 9, -5/81 HPs)
             Began as a Deep Dwarf Fighter on Sept 5, 2014.
             Was an Initiate of Makhleb.
             Slain by an ogre
             ... wielding a +0 giant club
              (13 damage)
             ... on Level 7 of the Dungeon.
             The game lasted 00:04:35 (7022 turns).

gw the Cleaver (Deep Dwarf Fighter)                 Turns: 7022, Time: 00:04:35

HP  -5/81        AC 15     Str 20      XL: 9   Next:  7%
MP   8/8         EV  6     Int  9      God: Makhleb [......]
Gold 0           SH  0     Dex 15      Spells:  0 memorised,  8 levels left

rFire  . . .     SeeInvis .     a - +3 war axe
rCold  . . .     Clarity  .     e - +0 plate armour
rNeg   . . .     rCorr    .     (no shield)
rPois  .         rRot     .     (no helmet)
rElec  .         Spirit   .     o - +0 cloak
SustAb .         Warding  .     (no gloves)
rMut   .         Stasis   .     s - +0 pair of boots
Gourm  .                        (no amulet)
MR     +....                    (no ring)
                                (no ring)

@: non-regenerating, drained, somewhat resistant to hostile enchantments,
extremely unstealthy
A: damage resistance, recharge devices, sense surroundings 2, slow healing 3
a: Device Recharging, Renounce Religion


You were on level 7 of the Dungeon.
You worshipped Makhleb.
Makhleb was noncommittal.
You were hungry.

You visited 2 branches of the dungeon, and saw 8 of its levels.
You also visited: Sewer.

Inventory:

Hand weapons
 a - a +3 war axe (weapon)
Missiles
 c - 20 tomahawks
 j - 163 stones (quivered)
Armour
 e - a +0 plate armour (worn)
 o - a +0 cloak (worn)
 s - a +0 pair of boots (worn)
Magical devices
 d - a wand of heal wounds (1)
 g - a wand of polymorph (2) {unknown}
 m - a wand of frost (17)
Comestibles
 f - 8 bread rations
 h - 4 beef jerkies
 q - 4 meat rations
Scrolls
 p - 6 scrolls of identify
Potions
 b - 2 potions of restore abilities
 i - a potion of haste
 k - a potion of agility
 l - a potion of berserk rage {unknown}
 r - 6 potions of curing


   Skills:
 + Level 5.4(5.2) Fighting
 * Level 8.9(8.7) Axes
 + Level 4.3(4.1) Throwing
 + Level 6.4(6.2) Armour
   Level 3.2(3.1) Shields
 + Level 1.6(1.5) Invocations


You had 8 spell levels left.
You didn't know any spells.

Dungeon Overview and Level Annotations

Branches:
Dungeon (7/15)             Temple (1/1) D:4

Altars:
Ashenzari
Cheibriados
Dithmenos
Elyvilon
Fedhas
Kikubaaqudgha
Makhleb
Nemelex Xobeh
Okawaru
Qazlal
Sif Muna
Trog
Vehumet
Xom
Yredelemnul
Zin
The Shining One

Shops:
D:7 [

Annotations:
D:3 exclusion: upstairs


Innate Abilities, Weirdness & Mutations

You are resistant to damage.
You can recharge devices by infusing magical energy.
You passively map the area around you.
You do not heal naturally.


Message History

MOVING TO (-2,4) Search for what [Enter for "@corpse$&&!!rott&&!!skel", or ? for help]? @corpse$&&!!rott&&!!skel Can't find anything matching that.
The ogre hits you with a giant club!!
MOVING TO (-5,6) MOVING TO (-4,5) MOVING TO (-3,4) MOVING TO (-2,3) MOVING TO (-1,2) MOVING TO (0,1) MOVING TO (-2,7) MOVING TO (-2,6) MOVING TO (-2,5) MOVING TO (-1,4) MOVING TO (-1,3) MOVING TO (-1,2) MOVING TO (0,1) MOVING TO (1,-8)
The ogre hits you with a giant club!
You die...

....#......####......#......##..#
.#####..............####....###.#
.######...#.........## #...## ##.
#........#####.......###..)## #.
#.###..#..# ##.............####.
#.###..##.####.....####..........
#.##..###..#........###..........
#.#...# ##...##......##..#.......
.....## ##.#####gO##....#.......#
####.####.## #..###..........##
#.#....# ##..###.####....##
#.####.## #..##.## ##....# * .##
#.#.# #...#.# #...##) ,* #* #####
#.#..## ##.###) #####.# ### ##
### # #


You could see an ogre.

Table legend:
 A = Turns spent in this place as a percentage of turns spent in the entire game.
 B = Non-inter-level travel turns spent in this place as a percentage of non-inter-level travel turns spent in the entire game.
 C = Inter-level travel turns spent in this place as a percentage of turns spent in this place.
 D = Turns resting spent in this place as a percentage of non-inter-level travel turns spent in this place.
 E = Turns spent auto-exploring this place as a percentage of non-inter-level travel turns spent in this place.
 F = Non-inter-level travel turns spent in this place divided by the number of levels of this place that you've seen.
                   A       B       C       D       E      F
               +-------+-------+-------+-------+-------+----------------------
         Total | 100.0 | 100.0 |   2.4 |   0.0 |  14.5 | 238.9
       Dungeon |  94.9 |  94.8 |   2.4 |   0.0 |  14.6 | 291.1
        Temple |   1.0 |   1.0 |   4.3 |   0.0 |  36.4 |  22.0
         Sewer |   4.1 |   4.2 |   0.0 |   0.0 |   7.8 |  90.0
               +-------+-------+-------+-------+-------+----------------------

Table legend:
 A = Kills in this place as a percentage of kills in entire the game.
 B = Kills by you in this place as a percentage of kills by you in the entire game.
 C = Kills by friends in this place as a percentage of kills by friends in the entire game.
 D = Other kills in this place as a percentage of other kills in the entire game.
 E = Experience gained in this place as a percentage of experience gained in the entire game.
 F = Experience gained in this place divided by the number of levels of this place that you have seen.
                   A       B       C       D       E      F
               +-------+-------+-------+-------+-------+----------------------
         Total | 100.0 | 100.0 |  -nan |  -nan | 100.0 | 333.6
       Dungeon |  93.9 |  93.9 |  -nan |  -nan |  95.1 | 407.7
         Sewer |   6.1 |   6.1 |  -nan |  -nan |   4.9 | 148.0
               +-------+-------+-------+-------+-------+----------------------

Vanquished Creatures
  A spriggan (D:7)
  An orc warrior (D:6)
  A centaur (D:6)
  3 ogres
  A big kobold (Sewer)
  2 giant frogs
  2 scorpions
  A cyclops skeleton (D:7)
  4 wights (D:7)
  A goliath beetle (D:6)
  2 crimson imps
  A jelly (D:5)
  4 hounds
  3 orc priests (D:6)
  4 iguanas
  4 worker ants
  3 orc wizards
  Ijyb (D:4)
  Jessica (D:2)
  A hound zombie (D:6)
  3 green rats (Sewer)
  6 adders
  12 gnolls
  4 giant mites
  3 worms
  An adder zombie (D:6)
  2 giant geckos
  2 oozes
  18 orcs
  A ball python (D:3)
  A bat skeleton (D:7)
  5 goblins
  8 hobgoblins
  5 jackals
  2 quokkas
  12 bats
  7 giant cockroaches
  2 giant newts
  A jackal skeleton (D:6)
  14 kobolds
  2 kobold zombies
  11 rats
163 creatures vanquished.

Notes
Turn   | Place    | Note
--------------------------------------------------------------
     0 | D:1      | gw, the Deep Dwarf Fighter, began the quest for the Orb.
     0 | D:1      | Reached XP level 1. HP: 20/20 MP: 1/1
    46 | D:1      | Reached XP level 2. HP: 25/27 MP: 2/2
   854 | D:2      | Found an iron altar of Okawaru.
   867 | D:2      | Reached XP level 3. HP: 23/33 MP: 3/3
   900 | D:2      | Found a deep blue altar of Sif Muna.
   901 | D:2      | Noticed Jessica
   914 | D:2      | Killed Jessica
  1498 | D:3      | Found a glowing drain.
  1508 | D:3      | Reached XP level 4. HP: 19/42 MP: 4/4
  1523 | Sewer    | Entered a sewer
  1546 | Sewer    | Reached skill level 1 in Throwing
  1599 | Sewer    | Noticed a big kobold
  1616 | Sewer    | Reached skill level 4 in Armour
  1665 | Sewer    | Killed a big kobold
  1665 | Sewer    | Reached XP level 5. HP: 37/49 MP: 5/5
  1711 | Sewer    | Found a white marble altar of Elyvilon.
  2759 | D:4      | Reached XP level 6. HP: 52/57 MP: 6/6
  2908 | D:4      | Noticed Ijyb
  2931 | D:4      | Killed Ijyb
  2937 | D:4      | Reached skill level 5 in Axes
  3025 | D:4      | Found a staircase to the Ecumenical Temple.
  3098 | Temple   | Entered the Ecumenical Temple
  3831 | D:5      | Entered Level 5 of the Dungeon
  3859 | D:5      | Reached XP level 7. HP: 21/64 MP: 7/7
  4002 | D:5      | Reached skill level 5 in Armour
  4021 | D:5      | Found an iron altar of Okawaru.
  4046 | D:5      | Reached skill level 6 in Axes
  4135 | D:5      | Found a glowing silver altar of Zin.
  4140 | D:5      | Found a snail-covered altar of Cheibriados.
  4143 | D:5      | Found a shattered altar of Ashenzari.
  5016 | D:6      | Reached skill level 7 in Axes
  5016 | D:6      | Reached XP level 8. HP: 30/73 MP: 6/6
  5136 | D:6      | Found a blossoming altar of Fedhas.
  5138 | D:6      | Found a stormy altar of Qazlal.
  5910 | D:7      | Found Fraokh's Antique Armour Boutique.
  5935 | D:7      | Reached skill level 8 in Axes
  5975 | D:7      | Reached skill level 5 in Fighting
  6416 | D:7      | Found a burning altar of Makhleb.
  6424 | D:7      | Found a radiant altar of Vehumet.
  6429 | D:7      | Became a worshipper of Makhleb the Destroyer
  6538 | D:7      | Found a shadowy altar of Dithmenos.
  6663 | D:7      | Reached skill level 1 in Invocations
  6899 | D:7      | Gained mutation: You passively map the area around you. [level up]
  6899 | D:7      | Reached XP level 9. HP: 30/81 MP: 8/8
  7001 | D:7      | Found a sparkling altar of Nemelex Xobeh.
  7022 | D:7      | Slain by an ogre

Action                   |  1- 3 |  4- 6 |  7- 9 || total
-------------------------+-------+-------+-------++-------
Melee: War axe           |    85 |   224 |   274 ||   583
Throw: Stone             |    47 |   123 |   117 ||   287
 Abil: Device Recharging |       |       |     3 ||     3
Evoke: Wand              |       |     3 |    13 ||    16
  Use: Potion            |     7 |     4 |     1 ||    12
       Scroll            |     5 |     2 |     4 ||    11
 Stab: Invisible         |     3 |     1 |       ||     4
  Eat: Chunk             |     2 |     8 |    10 ||    20

Vault maps used:
D:1:      dpeg_arrival_tiny_k, minmay_misc_feat_enclosed
D:2:      lemuel_round_altar, okawaru_ov_weapons_minmay, uniq_jessica
D:3:      portal_sewer_entry_f, first_bread
D:4:      minmay_temple_entry_glassed_door, item_on_display_a, uniq_iyjb
D:5:      minitemple, basic_altar
D:6:      grunt_temple_overflow_forces_of_nature
D:7:      grunt_temple_overflow_lords_of_destruction, grunt_dithmenos_smoke,
          serial_shops, shop, the_bakery, nemelex_dance_club_becter
Temple:   circular_temple_pool_8
Sewer:    sewer_kobolds
